 Dungeon Crawl Stone Soup version 0.19.0-20-gbc5f0c6 (webtiles) character file.

5521 lorenzova the Archer (level 10, -6/88 HPs)
             Began as a Centaur Hunter on Nov 17, 2016.
             Was a Priest of Qazlal.
             Mangled by an ice beast (12 damage)
             ... on level 8 of the Dungeon.
             The game lasted 00:25:51 (10874 turns).

lorenzova the Archer (Centaur Hunter)              Turns: 10874, Time: 00:25:51

Health: -6/88      AC: 12    Str: 14    XL:     10   Next: 43%
Magic:  10/10      EV:  3    Int: 12    God:    Qazlal [***...]
Gold:   0          SH:  4    Dex: 14    Spells: 0 memorised, 9 levels left

rFire  . . .     SeeInvis .     O - +3 spear (pierce)
rCold  . . .     Gourm    .     B - +3 plate armour {rPois}
rNeg   . . .     Faith    .     (no shield)
rPois  +         Spirit   .     (no helmet)
rElec  .         Reflect  .     j - +0 cloak
rCorr  .         Harm     .     (no gloves)
MR     +....                    (no barding)
Stlth  ..........               (no amulet)
                                I - ring of wizardry
                                z - ring "Upuzxoq" {MR+ Int+2}

@: very quick
A: hooves 3, deformed body, speed 2, tough skin 3
a: Upheaval, Elemental Force, Renounce Religion


You were on level 8 of the Dungeon.
You worshipped Qazlal.
Qazlal was most pleased with you.
You were not hungry.

You visited 1 branch of the dungeon, and saw 8 of its levels.

Inventory:

Hand Weapons
 a - a +1 shortbow
 b - a +2 whip of electrocution
 l - the +9 trident of Chagrin {vamp, Int+4 SInv, unknown}
   (You found it on level 8 of the Dungeon)

   It inflicts no extra harm, but heals its wielder when it wounds a living foe.
   It affects your intelligence (+4).
   It lets you see invisible.
 O - a +3 spear of piercing (weapon)
Missiles
 d - 52 arrows
Armour
 c - a +0 leather armour
 g - a +0 ring mail
 j - a +0 cloak (worn)
 k - a +0 cloak
 B - a +3 plate armour of poison resistance (worn)
 D - the +1 robe "Dogatose" {rElec}
   (You found it on level 5 of the Dungeon)

   It insulates you from electricity.
 F - a +0 robe of the Archmagi
Jewellery
 t - an uncursed ring of magical power {unknown}
 z - the ring "Upuzxoq" (left hand) {MR+ Int+2}
   (You took it off an orc wizard on level 4 of the Dungeon)

   [ring of protection from magic]

   It affects your intelligence (+2).
   It affects your resistance to hostile enchantments.
 I - a ring of wizardry (right hand)
Wands
 H - a wand of flame (27/48)
Scrolls
 e - a scroll of random uselessness {unknown}
 h - a scroll of noise {unknown}
 m - a scroll of enchant armour
 n - 5 scrolls of remove curse
 p - 3 scrolls of immolation
 s - 2 scrolls of teleportation
 u - 3 scrolls of magic mapping {unknown}
 x - 2 scrolls of enchant weapon {unknown}
 y - 3 scrolls of fear {unknown}
 A - 2 scrolls of blinking {unknown}
 G - a scroll of amnesia {unknown}
Potions
 r - a potion of lignification
 w - a potion of agility
 C - a potion of brilliance
 E - 2 potions of mutation {unknown}
 M - a potion of heal wounds {unknown}
Books
 K - a book of Frost

   Spells                             Type                      Level
   a - Freeze                         Ice                          1
   b - Throw Frost                    Conjuration/Ice              2
   c - Ozocubu's Armour               Charms/Ice                   3
   d - Throw Icicle                   Conjuration/Ice              4
   e - Summon Ice Beast               Ice/Summoning                4
Comestibles
 f - 11 bread rations
 i - 8 meat rations
 o - 8 fruits
 q - 4 beef jerkies
 v - a slice of pizza


   Skills:
 + Level 8.3 Fighting
 * Level 14.5 Bows
 + Level 6.0 Dodging
 - Level 0.4 Stealth


You had 9 spell levels left.
You didn't know any spells.

Dungeon Overview and Level Annotations

Branches:
Dungeon (8/15)             Temple (0/1) D:6
   Lair: D:8-11

Altars:
Dithmenos
Fedhas
Gozag
Hepliaklqana
Kikubaaqudgha
Makhleb
Qazlal
Ru
Trog
Uskayaw
Yredelemnul
Zin

Shops:
D:8 [

Annotations:
D:8 Joseph


Innate Abilities, Weirdness & Mutations

You have hooves in place of feet.
Armour fits poorly on your strangely shaped body.
You cover ground very quickly.
You have extremely tough skin. (AC +3)


Message History

The ice beast hits you.
* * * LOW HITPOINT WARNING * * *
The ice beast freezes you!
* * * LOW HITPOINT WARNING * * *
You completely miss the ice beast. Your kick misses the ice beast.
The ice beast is lightly wounded.
The ice beast hits you but does no damage.
Your plate armour prevents you from hitting the ice beast.
You kick the ice beast.
The ice beast is moderately wounded.
The ice beast barely misses you.
You closely miss the ice beast.
The ice beast is moderately wounded.
The ice beast hits you but does no damage.
You hit the ice beast.
The ice beast is moderately wounded.
The ice beast hits you.
* * * LOW HITPOINT WARNING * * *
The ice beast freezes you!
You die...

######
####################
......>............#
##################.#
# #.# # ####### #.#
## #.....# #.# .#
#.###.#####.# .#
#.###....@Y.# .#
#.#.....##### ##
#.#.###.# #.#. #.#
#.# ..# #.# ### #.#
#######.# #.....#.#


You could see an ice beast.

Vanquished Creatures
  The ghost of Philosophy the Fighter, a novice HOFi of Okawaru (D:7)
  Pikel (D:4)
  Maurice (D:8)
  An ice statue (D:7)
  Grinder (D:3)
  A hippogriff (D:7)
  A spriggan (D:7)
  Eustachio (D:4)
  A water moccasin (D:6)
  Duvessa (D:4)
  An ice beast (D:5)
  A slave (D:4)
  An orc warrior (D:6)
  A phantom (D:8)
  4 ogres
  3 centaurs
  A gnoll sergeant (D:7)
  3 bullfrogs (D:7)
  A scorpion (D:4)
  8 killer bees (D:8)
  4 howler monkeys
  4 wights (D:7)
  A crimson imp (D:8)
  2 bullfrog zombies
  4 hounds
  A bullfrog skeleton (D:4)
  Crazy Yiuf (D:6)
  8 orc wizards
  6 orc priests
  An iguana (D:6)
  8 worker ants
  A howler monkey skeleton (D:8)
  10 gnolls
  5 adders
  2 shadow imps
  An adder zombie (D:5)
  2 adder skeletons (D:7)
  2 worms
  2 dart slugs
  4 leopard geckos
  18 orcs
  6 bats
  5 giant cockroaches
  9 goblins
  9 hobgoblins
  20 jackals
  12 kobolds
  3 quokkas
  6 frilled lizards
  A leopard gecko skeleton (D:4)
  A quokka skeleton (D:4)
  2 rats
195 creatures vanquished.

Vanquished Creatures (others)
  2 slaves (D:4)
  Dowan (D:4)
3 creatures vanquished.

Grand Total: 198 creatures vanquished

Notes
Turn   | Place    | Note
-------+----------+-------------------------------------------
     0 | D:1      | lorenzova the Centaur Hunter began the quest for the Orb.
     0 | D:1      | Reached XP level 1. HP: 17/17 MP: 1/1
    60 | D:1      | Reached XP level 2. HP: 13/24 MP: 2/2
   512 | D:1      | Reached XP level 3. HP: 28/30 MP: 3/3
   886 | D:1      | Reached skill level 6 in Bows
  1204 | D:2      | Reached XP level 4. HP: 16/37 MP: 4/4
  1276 | D:2      | Found a blossoming altar of Fedhas.
  1703 | D:2      | Found a faded altar of an unknown god.
  1703 | D:2      | Found a sacrificial altar of Ru.
  1709 | D:2      | Found a faded altar of an unknown god.
  1711 | D:2      | Found a faded altar of an unknown god.
  1712 | D:2      | Found a faded altar of an unknown god.
  2042 | D:2      | Found a stormy altar of Qazlal.
  2048 | D:2      | Became a worshipper of Qazlal Stormbringer
  2473 | D:3      | Reached skill level 7 in Bows
  2479 | D:3      | Reached XP level 5. HP: 37/45 MP: 5/5
  2532 | D:3      | Found an opulent altar of Gozag.
  2684 | D:3      | Reached * piety under Qazlal
  2721 | D:3      | Found a bloodstained altar of Trog.
  2726 | D:3      | Found a glowing silver altar of Zin.
  2737 | D:3      | Found a shadowy altar of Dithmenos.
  2737 | D:3      | Found a hide-covered altar of Uskayaw.
  3033 | D:3      | Noticed Grinder
  3603 | D:4      | Reached XP level 6. HP: 7/52 MP: 6/6
  3610 | D:4      | Got a brightly glowing pewter ring
  3866 | D:4      | Noticed Eustachio
  3976 | D:3      | Paralysed by Grinder for 6 turns
  3986 | D:3      | Paralysed by Grinder for 3 turns
  3996 | D:3      | Killed Grinder
  3996 | D:3      | Reached skill level 8 in Bows
  4343 | D:4      | Reached XP level 7. HP: 54/59 MP: 7/7
  4516 | D:4      | Reached ** piety under Qazlal
  4614 | D:4      | Killed Eustachio
  4614 | D:4      | Reached skill level 9 in Bows
  4863 | D:4      | Noticed Pikel
  4864 | D:4      | Noticed Dowan
  4950 | D:4      | Killed Pikel
  4950 | D:4      | Reached skill level 5 in Fighting
  4950 | D:4      | Reached skill level 10 in Bows
  4950 | D:4      | Reached XP level 8. HP: 41/68 MP: 8/8
  5063 | D:4      | Identified the ring "Upuzxoq" {MR+ Int+2} (You took it off an orc wizard on level 4 of the Dungeon)
  5123 | D:4      | Killed Dowan
  5372 | D:4      | Noticed Duvessa
  5427 | D:4      | Killed Duvessa
  5620 | D:5      | Entered Level 5 of the Dungeon
  5832 | D:5      | Reached skill level 11 in Bows
  6244 | D:5      | Got a distressingly furry robe
  6255 | D:5      | Identified the +1 robe "Dogatose" {rElec} (You found it on level 5 of the Dungeon)
  6267 | D:5      | Found an ancient bone altar of Kikubaaqudgha.
  6462 | D:6      | Found a runed door.
  6467 | D:6      | Noticed Crazy Yiuf
  6489 | D:6      | Killed Crazy Yiuf
  6667 | D:6      | Found a staircase to the Ecumenical Temple.
  6998 | D:6      | Reached XP level 9. HP: 68/75 MP: 9/9
  7023 | D:6      | Found a burning altar of Makhleb.
  7362 | D:6      | Reached skill level 12 in Bows
  7578 | D:7      | Noticed an ice statue
  7615 | D:7      | Killed an ice statue
  7956 | D:6      | Reached skill level 5 in Dodging
  8224 | D:7      | Reached skill level 13 in Bows
  8291 | D:7      | Noticed Philosophy's ghost (novice HOFi)
  8681 | D:7      | Found a shadowy altar of Dithmenos.
  8723 | D:7      | Reached *** piety under Qazlal
  8977 | D:7      | Killed Philosophy's ghost
  8977 | D:7      | Reached XP level 10. HP: 28/88 MP: 10/10
  9239 | D:8      | Found Kaheoll's Antique Armour Emporium.
  9293 | D:8      | Reached skill level 14 in Bows
 10241 | D:8      | Noticed Maurice
 10656 | D:8      | Got a slimy trident
 10689 | D:8      | Found a basalt altar of Yredelemnul.
 10690 | D:8      | Found a hazy altar of Hepliaklqana.
 10835 | D:8      | Noticed Joseph
 10839 | D:8      | Killed Maurice
 10874 | D:8      | Mangled by an ice beast

Skill      XL: |  1  2  3  4  5  6  7  8  9 10 |
---------------+-------------------------------+-----
Bows           | 6 7 8 10 11 13 14 | 14.5
Dodging        | 2 3 4 5 6 |  6.0
Fighting       | 3 4 5 6 7 8 |  8.3
Stealth        | |  0.4

Action                   |  1- 3 |  4- 6 |  7- 9 | 10-12 || total
-------------------------+-------+-------+-------+-------++-------
Melee: Short sword       |    43 |       |       |       ||    43
       Kick              |     9 |    35 |    43 |    32 ||   119
       Spear             |    33 |   240 |    13 |    49 ||   335
       Whip              |       |       |   152 |   105 ||   257
 Fire: Shortbow          |    31 |    83 |   354 |    71 ||   539
Invok: Upheaval          |       |       |       |     2 ||     2
  Use: Scroll            |       |       |     7 |     1 ||     8
  Eat: Chunk             |       |     7 |    10 |     4 ||    21
       Fruit             |       |     1 |       |       ||     1
       Royal jelly       |       |       |     1 |       ||     1
       Pizza             |       |       |       |     1 ||     1
Armor: Leather armour    |    29 |       |       |       ||    29
       Ring mail         |    14 |   111 |    23 |       ||   148
       Robe              |       |       |    25 |       ||    25
       Plate armour      |       |       |    60 |   107 ||   167
Dodge: Dodged            |    40 |   108 |    98 |    28 ||   274
Block: Other             |       |     9 |    32 |    24 ||    65
